 Dungeon Crawl Stone Soup version 0.31.0-32-g396128a36d (webtiles) character file.

Game seed: 3151438167657173723

1088 Logoto the Cleaver (level 8, 0/69 HPs)
             Began as a Hill Orc Berserker on Mar 26, 2024.
             Was a Believer of Trog.
             Slain by an orc
             ... wielding a +0 dagger
              (3 damage)
             ... on level 5 of the Dungeon.
             The game lasted 00:09:51 (3760 turns).

Logoto the Cleaver (Hill Orc Berserker)             Turns: 3760, Time: 00:09:51

Health: 0/69       AC: 14    Str: 22    XL:     8   Next: 30%
Magic:  0/8        EV:  7    Int:  7    God:    Trog [**....]
Gold:   272        SH:  5    Dex: 16    Spells: 7/7 levels left

rFire   . . .        a - +0 hand axe
rCold   . . .        i - +0 buckler
rNeg    . . .        y - +0 plate armour
rPois   .            p - +0 helmet
rElec   .            (no cloak)
rCorr   .            (no gloves)
SInv    .            (no boots)
Will    +....        q - amulet of guardian spirit Stlth
                     v - +6 ring of dexterity
HPRegen 0.31/turn    (no ring)
MPRegen 0.11/turn

%: guardian spirit
@: on berserk cooldown, enlightened, flying
A: no striking features
a: Renounce Religion, Berserk, Trog's Hand


You were on level 5 of the Dungeon.
You worshipped Trog.
Trog was pleased with you.
You visited 1 branch of the dungeon, and saw 6 of its levels.

You collected 320 gold pieces.
You spent 48 gold pieces at shops.

Inventory:

Hand Weapons
 a - a +0 hand axe (weapon)
Missiles
 w - 5 poisoned darts (quivered)
Armour
 i - a +0 buckler (worn)
 p - a +0 helmet (worn)
 y - a +0 plate armour (worn)
 z - a +0 leather armour of poison resistance
Jewellery
 q - an amulet of guardian spirit (around neck)
 v - a +6 ring of dexterity (left hand)
Wands
 l - a wand of flame (32)
 t - a wand of paralysis (10)
Scrolls
 c - a scroll of immolation {unknown}
 d - 3 scrolls of identify {unknown}
 e - 2 scrolls of teleportation {unknown}
 f - a scroll of silence {unknown}
 j - 3 scrolls of enchant armour {unknown}
 k - a scroll of noise {unknown}
 m - a scroll of fog {unknown}
 r - a scroll of amnesia {unknown}
 s - a scroll of enchant weapon {unknown}
Potions
 b - a potion of might {unknown}
 g - a potion of mutation {unknown}
 h - 2 potions of attraction {unknown}
 n - a potion of ambrosia {unknown}
 o - 3 potions of haste {unknown}
 u - a potion of curing
 x - a potion of enlightenment


   Skills:
 + Level 5.5 Fighting
 + Level 8.4 Axes
 + Level 6.4 Armour
 + Level 2.8 Dodging
 + Level 1.1 Stealth
 + Level 1.9 Shields


You had 7 spell levels left.
You didn't know any spells.
Your spell library was empty.

Dungeon Overview and Level Annotations

Branches:
Dungeon (6/15)
 Temple: D:4-7

Altars:
Elyvilon
Fedhas
Qazlal
Trog
Wu Jian
Xom

Shops:
D:4 *

Annotations:
D:2 Jessica


Message History

The orc priest mumbles some strange prayers to Beogh against you.
Beogh smites you!
* * * LOW HITPOINT WARNING * * *
The orc hits you but does no damage. The sleepcap attacks as it pursues you!
The sleepcap releases spores at you but does no damage.
The white imp picks up a beetle and eats it.
The orc closely misses you. You block the sleepcap's attack.
The sleepcap attacks as it pursues you! The sleepcap releases spores at you.
* * * LOW HITPOINT WARNING * * *
The orc priest mumbles some strange prayers to Beogh against you.
Beogh smites you!
* * * LOW HITPOINT WARNING * * *
You block the sleepcap's attack. The white imp gestures at you.
The puff of frost hits you!
* * * LOW HITPOINT WARNING * * *
The sleepcap attacks as it pursues you! The sleepcap completely misses you.
The sleepcap releases spores at you but does no damage.
It was a potion of enlightenment.
You feel very buoyant.
You fly up into the air.
The orc hits you but does no damage.
The sleepcap releases spores at you but does no damage.
The white imp shouts, "Scamper home, thou foppish knotty-pated yak-dropping!"
The orc hits you with a +0 dagger.
* * * LOW HITPOINT WARNING * * *
You block the sleepcap's attack.
There is a stone staircase leading up, spattered with blood here.
The white imp spits at you. The orc hits you but does no damage.
The sleepcap releases spores at you but does no damage.
You fly upwards.
You feel yourself speed up.
There is a stone staircase leading down here.
You hit the orc.
The orc is heavily wounded.
You hit the sleepcap but do no damage.
The sleepcap releases spores at you but does no damage.
The orc hits you with a +0 dagger.
You die...

###..#:....#..#.
#.'##+##+##'##+.
#.#.....#.....#.
#.#.....#.....##
#.###+##+##'####
#.....##..#.#.##
#.#######.#....#
###.# ##...)...
#@o.# #..##...#
#f### #.####...
#.# #.# #### #.#
#.####### #.#
####........ #.#
##.........##
#.#
#..........##
#.# #....♣♣...##
#.####...♣.....#


You could see a sleepcap and an orc.

Vanquished Creatures
  2 water moccasins
  An ice beast (D:5)
  A black bear (D:4)
  2 ogres
  A phantom (D:4)
  Blork the orc (D:6)
  A bullfrog (D:6)
  A scorpion (D:6)
  A bombardier beetle (D:4)
  A jelly (D:4)
  A gnoll bouda (D:6)
  An iguana (D:4)
  5 gnolls (D:6)
  An adder (D:4)
  2 ufetubi (D:5)
  3 ribbon worms
  A dart slug (D:1)
  4 orcs
  A ball python (D:1)
  8 endoplasms
  2 giant cockroaches
  2 goblins (D:3)
  6 hobgoblins
  7 jackals
  8 kobolds
  2 quokkas
  3 bats (D:1)
  2 frilled lizards (D:1)
  8 rats
  A spectral hobgoblin (D:1)
80 creatures vanquished.

Notes
Turn   | Place    | Note
-------+----------+-------------------------------------------
     0 | D:1      | Logoto the Hill Orc Berserker began the quest for the Orb.
     0 | D:1      | Reached XP level 1. HP: 19/19 MP: 1/1
    40 | D:1      | Reached XP level 2. HP: 21/27 MP: 2/2
   221 | D:1      | Found a faded altar of an unknown god.
   315 | D:1      | Reached XP level 3. HP: 33/33 MP: 3/3
   754 | D:1      | Reached skill level 5 in Axes
   823 | D:2      | Noticed Jessica
   829 | D:2      | You fall into a shaft and drop 1 floor!
   829 | D:3      | Found a faded altar of an unknown god.
   830 | D:3      | Found a blossoming altar of Fedhas.
  1104 | D:3      | Reached ** piety under Trog
  1256 | D:3      | Noticed a moth of wrath
  1259 | D:3      | Found a bloodstained altar of Trog.
  1709 | D:4      | Reached XP level 4. HP: 40/40 MP: 4/4
  1736 | D:4      | Noticed a black bear
  1755 | D:4      | Killed a black bear
  1756 | D:4      | Reached XP level 5. HP: 47/47 MP: 5/5
  1882 | D:4      | Noticed a phantom
  1891 | D:4      | Reached skill level 6 in Axes
  1896 | D:4      | Killed a phantom
  1897 | D:4      | Reached XP level 6. HP: 53/53 MP: 6/6
  2027 | D:4      | Found Refoy's General Store.
  2041 | D:4      | Bought a potion of degeneration for 12 gold pieces
  2041 | D:4      | Bought a potion of curing for 36 gold pieces
  2398 | D:4      | Found an ornate altar of the Wu Jian Council.
  2437 | D:4      | Reached skill level 1 in Shields
  2612 | D:5      | Entered Level 5 of the Dungeon
  2612 | D:5      | Noticed a water moccasin
  2616 | D:5      | Killed a water moccasin
  2617 | D:5      | Reached skill level 5 in Fighting
  2617 | D:5      | Reached skill level 7 in Axes
  2617 | D:5      | Reached XP level 7. HP: 61/61 MP: 7/7
  2648 | D:5      | Found a white marble altar of Elyvilon.
  2822 | D:5      | Reached skill level 5 in Armour
  2993 | D:5      | Found a shimmering altar of Xom.
  3184 | D:5      | Found a stormy altar of Qazlal.
  3293 | D:5      | Reached skill level 1 in Stealth
  3541 | D:6      | Noticed Blork the orc
  3557 | D:6      | Killed Blork the orc
  3558 | D:6      | Reached XP level 8. HP: 69/69 MP: 5/8
  3605 | D:6      | Reached skill level 8 in Axes
  3754 | D:6      | HP: 1/69 [white imp/puff of frost (5)]
  3760 | D:5      | Slain by an orc

Illustrated notes

Levels and vault maps discovered:
D:1:      lightli_arrival_chessboard, layout_loops_ring,
          dreamdust_ecumenical_altar_drowned_temple, minmay_gold_behind_fungi
D:2:      layout_rooms, uniq_jessica
D:3:      layout_basic, nicolae_overflow_ecumenical_swirl, tgw_trog
D:4:      layout_basic, nicolae_wu_jian_glorious_leap, serial_shops, shop,
          grunt_ministairs_3, kennysheep_path_1, st_stairs_3,
          minmay_diced_spiral
D:5:      layout_loops_ring, grunt_qazlal_clouds, xom_teletrap_fun,
          mainiacjoe_overflow_24_doors, chequers_garden
D:6:      cheibrodos_helix_gallery, layout_basic, minmay_temple_entry_arrows,
          uniq_blork_the_orc

Skill      XL: |  1  2  3  4  5  6  7  8 |
---------------+-------------------------+-----
Fighting       | 4 5 |  5.5
Axes           | 5 6 7 8 |  8.4
Dodging        | 2 |  2.8
Armour         | 3 4 5 6 |  6.4
Shields        | 1 |  1.9
Stealth        | 1 |  1.1

Action                     |  1- 3 |  4- 6 |  7- 9 || total
---------------------------+-------+-------+-------++-------
  Melee: Hand axe          |   130 |    48 |    73 ||   251
 Invoke: Berserk           |     4 |     5 |     7 ||    16
    Use: Potion            |       |       |     1 ||     1
 Armour: Animal skin       |    24 |       |       ||    24
         Scale mail        |    35 |    21 |    10 ||    66
         Leather armour    |     6 |       |       ||     6
         Plate armour      |       |       |    93 ||    93
  Dodge: Dodged            |    67 |    17 |    27 ||   111
  Block: Buckler           |     4 |     5 |    20 ||    29
